AoeStats
← burned doc

Fortress

510167619Analyzed
4v4 RM · 3d ago on Sep 29, 2026· 29m 12s· 8 players
Game mode
Random Map
Map size
Huge
Population
200
Speed
Normal
Resources
Standard
Victory
Conquest
Starting age
Dark Age
Ending age
Imperial Age
RankedLock teamsTeams togetherTeam positionsShared explorationLock speedFull tech treeHidden civsTurbo modeCheats
Victory
Defeat
🇨🇦 Saracens · Canada
1144
+8
🇨🇳 Chinese · China
1050
+11
🇮🇳 Sicilians · India
900
+17
🇨🇦 Varangians · Canada
807
+21
🇬🇧 Persians · United Kingdom
970
-16
🇹🇷 Spanish · Türkiye
967
-15
🇩🇪 Khmer · Germany
927
-14
🇲🇽 Mongols · Mexico
886
-27
Maximus
7:52 Feudal Age
9:20 Loom
12:21 Castle Age
10:25 Double-Bit Axe
21:05 Horse Collar
23:09 Wheelbarrow
23:47 Bow Saw
23:24 Town Watch
26:01 Heavy Plow
27:52 Hand Cart
Raven
4:49 Loom
7:13 Feudal Age
7:40 Horse Collar
7:46 Double-Bit Axe
9:15 Wheelbarrow
9:06 Town Watch
12:50 Gold Mining
15:58 Castle Age
14:33 Stone Mining
17:36 Bow Saw
17:27 Heavy Plow
22:43 Gold Shaft Mining
22:31 Husbandry
25:33 Imperial Age
23:23 Fletching
23:54 Scale Barding Armor
24:59 Hand Cart
25:37 Forging
25:34 Bodkin Arrow
26:42 Chain Barding Armor
12121212
1:28 Loom
9:08 Feudal Age
9:33 Double-Bit Axe
9:31 Horse Collar
16:02 Castle Age
14:37 Scale Mail Armor
14:34 Stone Mining
15:32 Gold Mining
16:11 Pikeman
19:14 Bow Saw
21:06 Heavy Plow
21:34 Padded Archer Armor
21:25 Fletching
22:10 Elite Skirmisher
23:48 Leather Archer Armor
25:48 Husbandry
27:40 Wheelbarrow
27:32 Bloodlines
Manigoldo870630
8:11 Feudal Age
9:41 Horse Collar
10:16 Double-Bit Axe
16:57 Castle Age
Krypp
6:54 Feudal Age
13:31 Castle Age
11:36 Double-Bit Axe
11:34 Horse Collar
15:12 Bow Saw
22:17 Fletching
26:46 Caravan
29:57 Ballistics
lhermite
6:10 Loom
6:47 Loom
9:12 Feudal Age
13:23 Castle Age
12:16 Double-Bit Axe
12:29 Horse Collar
15:26 Bow Saw
15:17 Heavy Plow
16:09 Wheelbarrow
23:09 Hand Cart
27:22 Imperial Age
25:41 Scale Barding Armor
27:10 Chain Barding Armor
27:01 Forging
27:28 Elite Mameluke
28:29 Conscription
28:46 Plate Barding Armor
370885147
0:41 Loom
9:52 Feudal Age
11:25 Double-Bit Axe
11:23 Horse Collar
14:35 Castle Age
12:33 Gold Mining
15:58 Bow Saw
16:38 Gold Shaft Mining
16:17 Heavy Plow
16:25 Fletching
16:36 Padded Archer Armor
17:21 Wheelbarrow
17:38 Stone Mining
21:09 Ballistics
21:43 Fortified Wall
22:30 Bodkin Arrow
24:46 Leather Archer Armor
26:29 Great Wall
burned doc
8:21 Feudal Age
14:21 Castle Age
15:00 Scale Mail Armor
15:13 Forging
23:22 Double-Bit Axe
Connection lost

Rejoining the realm…

Still unreachable

The connection could not be restored.

Session expired

The server has moved on; the page needs a fresh start.